Workbook

Sheet Hard Input
B2: Financial Statement Input | I2: Share Price | Q2: Analyst Recommendations | X2: Dividends | AE2: GDP Growth (%) | AJ2: Arrival of Tourist by Country | AP2: Genting Malaysia Berhad Statistics
B3: Source: CNBC | I3: Source: Yahoo Finance | Q3: Source: i3 Investor | X3: Source: MorningStar | AE3: Source: World Bank | AJ3: Source: Tourism Malaysia | AP3: Source: CIMB 9th Annual Malaysia Corporate Day
C6: 2013 | D6: 2014 | E6: 2015 | F6: 2016 | I6: Date | J6: Open | K6: High | L6: Low | M6: Close | N6: Adj Close | O6: Volume | Q6: Date | R6: Open Price | S6: Target Price | T6: Upside/Downside | U6: Price Call | V6: Source | X6: Annual Dividends | AP6: Million | AQ6: Visitor Arrivals (Malaysia) | AT6: Hotel | AV6: Malaysia L&H
B7: Balance Sheet | I7: 41045 | J7: 3.63 | K7: 3.66 | L7: 3.51 | M7: 3.51 | N7: 3.51 | O7: 6004400 | Q7: 42790 | R7: 5.5 | S7: 6.1 | T7: +0.60 (10.91%) | U7: BUY | V7: TA | Y7: 41244 | Z7: 41609 | AA7: 41974 | AB7: 42339 | AC7: 42705 | AF7: Malaysia | AG7: China | AH7: World | AK7: Tourist Arrival | AL7: Asia | AM7: China | AN7: Singapore | AP7: Year | AQ7: Day-Trippers | AR7: Hotel Guest | AS7: Total | AT7: ARR | AU7: AOR | AV7: Revenue
B8: Cash | C8: 1261 | D8: 1282 | E8: 1719 | F8: 1610 | I8: 41046 | J8: 3.53 | K8: 3.64 | L8: 3.52 | M8: 3.6 | N8: 3.6 | O8: 4571800 | Q8: 42790 | R8: 5.5 | S8: 5.1 | T8: -0.40 (7.27%) | U8: HOLD | V8: PUBLIC BANK | X8: Dividend Amount | Y8: 0.09 | Z8: 0.09 | AA8: 0.07 | AB8: 0.06 | AC8: 0.07 | AE8: 2004 | AF8: 0.067834377 | AG8: 0.10111223 | AH8: 0.04449 | AJ8: 2004 | AK8: 15703406 | AL8: 13945696 | AM8: 632807 | AN8: 9520306 | AP8: 2010 | AQ8: 14.6 | AR8: 5.3 | AS8: =SUM(AQ8:AR8) -> 19.9 | AT8: 81 | AU8: 0.93 | AV8: 5068
B9: Short Term Investments | C9: 3554 | D9: 2780 | E9: 3439 | F9: 3844 | I9: 41047 | J9: 3.55 | K9: 3.57 | L9: 3.52 | M9: 3.57 | N9: 3.57 | O9: 3356600 | Q9: 42790 | R9: 5.5 | S9: 5.66 | T9: +0.16 (2.91%) | U9: HOLD | V9: KENANGA | X9: Year-end Yield % | Y9: 2.42 | Z9: 2.12 | AA9: 1.7 | AB9: 1.44 | AC9: 1.59 | AE9: 2005 | AF9: 0.053321391 | AG9: 0.11395776 | AH9: 0.03848 | AJ9: 2005 | AK9: 16431055 | AL9: 14657396 | AM9: 432570 | AN9: 9634506 | AP9: 2011 | AQ9: 14.8 | AR9: 5.4 | AS9: =SUM(AQ9:AR9) -> 20.2 | AT9: 82 | AU9: 0.94 | AV9: 5418
B10: ASSETS | I10: 41050 | J10: 3.57 | K10: 3.58 | L10: 3.54 | M10: 3.55 | N10: 3.55 | O10: 1275500 | Q10: 42790 | R10: 5.5 | S10: 5.1 | T10: -0.40 (7.27%) | U10: HOLD | V10: HLG | X10: *Dividend Amount is calculated using the ex-dividend date | AE10: 2006 | AF10: 0.055848471 | AG10: 0.12719479 | AH10: 0.04338 | AJ10: 2006 | AK10: 17546863 | AL10: 15505995 | AM10: 532914 | AN10: 9656251 | AP10: 2012 | AQ10: 14.9 | AR10: 5.6 | AS10: =SUM(AQ10:AR10) -> 20.5 | AT10: 84 | AU10: 0.95 | AV10: 5490
B11: Cash & Short Term Investments | C11: 4815 | D11: 4063 | E11: 5158 | F11: 5455 | I11: 41051 | J11: 3.58 | K11: 3.63 | L11: 3.55 | M11: 3.62 | N11: 3.62 | O11: 2525000 | Q11: 42761 | R11: 4.97 | S11: 5.66 | T11: +0.69 (13.88%) | U11: BUY | V11: KENANGA | AE11: 2007 | AF11: 0.094276651 | AG11: 0.14231388 | AH11: 0.0426 | AJ11: 2007 | AK11: 20972822 | AL11: 17724628 | AM11: 789783 | AN11: 10492692 | AP11: 2013 | AQ11: 14.3 | AR11: 5.3 | AS11: =SUM(AQ11:AR11) -> 19.6 | AT11: 89 | AU11: 0.9 | AV11: 5684
B12: Receivables - Net | C12: 384 | D12: 642 | E12: 947 | F12: 300 | I12: 41052 | J12: 3.59 | K12: 3.6 | L12: 3.52 | M12: 3.54 | N12: 3.54 | O12: 3235300 | Q12: 42747 | R12: 4.85 | S12: 4.8 | T12: -0.05 (1.03%) | U12: HOLD | V12: MACQUARIE GROUP | AE12: 2008 | AF12: 0.033195943 | AG12: 0.096542894 | AH12: 0.01829 | AJ12: 2008 | AK12: 22052488 | AL12: 19140693 | AM12: 949864 | AN12: 11003492 | AP12: 2014 | AQ12: 13.1 | AR12: 5 | AS12: =SUM(AQ12:AR12) -> 18.1 | AT12: 80 | AU12: 0.91 | AV12: 5362
B13: Raw Materials | C13: 32 | D13: 27 | E13: 33 | F13: 30 | I13: 41053 | J13: 3.54 | K13: 3.58 | L13: 3.54 | M13: 3.58 | N13: 3.58 | O13: 1747200 | Q13: 42739 | R13: 4.58 | S13: 5 | T13: +0.42 (9.17%) | U13: BUY | V13: PUBLIC BANK | AE13: 2009 | AF13: -0.025258257 | AG13: 0.093998132 | AH13: -0.01704 | AJ13: 2009 | AK13: 23646191 | AL13: 20929002 | AM13: 1019756 | AN13: 12733082 | AP13: 2015 | AQ13: 13.7 | AR13: 5.7 | AS13: =SUM(AQ13:AR13) -> 19.4 | AT13: 88 | AU13: 0.9 | AV13: 5577
B14: Finished Goods | C14: 23 | D14: 23 | E14: 23 | F14: 23 | I14: 41054 | J14: 3.59 | K14: 3.62 | L14: 3.56 | M14: 3.6 | N14: 3.6 | O14: 1072900 | Q14: 42706 | R14: 4.75 | S14: 5.6 | T14: +0.85 (17.89%) | U14: BUY | V14: Affin Hwang Capital | AE14: 2010 | AF14: 0.069809568 | AG14: 0.1063614 | AH14: 0.04327 | AJ14: 2010 | AK14: 24577196 | AL14: 21887182 | AM14: 1130261 | AN14: 13042004 | AP14: 2016 | AQ14: =10.9/0.75 -> 14.533333 | AR14: =4.4/0.75 -> 5.8666667 | AS14: =SUM(AQ14:AR14) -> 20.4 | AT14: 93 | AU14: 0.91 | AV14: =4116/0.75 -> 5488
B15: Progress Payments Other | C15: 33 | D15: 51 | E15: 64 | F15: 45 | I15: 41057 | J15: 3.62 | K15: 3.66 | L15: 3.59 | M15: 3.64 | N15: 3.64 | O15: 657800 | Q15: 42699 | R15: 4.72 | S15: 4.6 | T15: -0.12 (2.54%) | U15: HOLD | V15: PUBLIC BANK | AE15: 2011 | AF15: 0.052937911 | AG15: 0.09536443 | AH15: 0.03117 | AJ15: 2011 | AK15: 24714324 | AL15: 21979178 | AM15: 1250536 | AN15: 13372647 | AP15: 2020 | AS15: 30
B16: Inventories - Total | C16: 88 | D16: 100 | E16: 120 | F16: 98 | I16: 41058 | J16: 3.64 | K16: 3.75 | L16: 3.62 | M16: 3.75 | N16: 3.75 | O16: 1551500 | Q16: 42699 | R16: 4.72 | S16: 5.35 | T16: +0.63 (13.35%) | U16: BUY | V16: MAYBANK | AE16: 2012 | AF16: 0.054743855 | AG16: 0.078562621 | AH16: 0.02413 | AJ16: 2012 | AK16: 25032708 | AL16: 22778387 | AM16: 1583318 | AN16: 13014268
B17: Prepaid Expenses | C17: 100 | D17: 117 | E17: 242 | F17: 234 | I17: 41059 | J17: 3.76 | K17: 3.85 | L17: 3.72 | M17: 3.84 | N17: 3.84 | O17: 4808300 | AE17: 2013 | AF17: 0.046929192 | AG17: 0.077576351 | AH17: 0.02535 | AJ17: 2013 | AK17: 25715460 | AL17: 23328292 | AM17: 1791423 | AN17: 13178774
B18: Other Current Assets | C18: 30 | D18: 59 | E18: 2074 | F18: 42 | I18: 41060 | J18: 3.76 | K18: 3.78 | L18: 3.69 | M18: 3.69 | N18: 3.69 | O18: 8092700 | Q18: Current P/E at 16 May 2017 | T18: 11.31 | AE18: 2014 | AF18: 0.060121665 | AG18: 0.07297666 | AH18: 0.02727 | AJ18: 2014 | AK18: 27437315 | AL18: 24808382 | AM18: 1613355 | AN18: 13932967 | AP18: Projects in GITP | AR18: 10380
B19: CURRENT ASSETS - TOTAL | C19: 5417 | D19: 4980 | E19: 8541 | F19: 6129 | I19: 41061 | J19: 3.69 | K19: 3.72 | L19: 3.65 | M19: 3.69 | N19: 3.69 | O19: 5215600 | AE19: 2015 | AF19: 0.049687852 | AG19: 0.069183364 | AH19: 0.02171 | AJ19: 2015 | AK19: 25721251 | AL19: 23361016 | AM19: 1677163 | AN19: 12930754 | AP19: 20th Century Fox
B20: Land | C20: 595 | D20: 598 | E20: 830 | F20: 771 | I20: 41064 | J20: 3.65 | K20: 3.76 | L20: 3.54 | M20: 3.54 | N20: 3.54 | O20: 4794700 | Q20: Date | R20: Open Price | S20: Target Price | T20: Upside/Downside | U20: Price Call | V20: Source | AE20: 2016 | AF20: 0.042 | AG20: 0.067 | AH20: 0.023 | AJ20: 2016 | AK20: 26757392 | AL20: 24781902 | AM20: 2124942 | AN20: 13272961 | AP20: 1,300 room First World Hotel
B21: Buildings | C21: 4766 | D21: 5073 | E21: 6762 | F21: 7940 | I21: 41065 | J21: 3.56 | K21: 3.58 | L21: 3.52 | M21: 3.52 | N21: 3.52 | O21: 4448200 | Q21: 42900 | R21: 5.62 | S21: 5.2 | T21: -0.42 (7.47%) | U21: SELL | V21: AMMB | AE21: 2017e | AF21: 0.043 | AG21: 0.065 | AH21: 0.027 | AJ21: 2017e | AP21: Indoor Theme Park
B22: Machinery & Equipment | C22: 4228 | D22: 4432 | E22: 5291 | F22: 6084 | I22: 41066 | J22: 3.55 | K22: 3.58 | L22: 3.53 | M22: 3.53 | N22: 3.53 | O22: 5881400 | Q22: 42885 | R22: 5.94 | S22: 5.15 | T22: -0.79 (13.30%) | U22: SELL | V22: UOBKayHian | AE22: 2018e | AF22: 0.045 | AG22: 0.063 | AH22: 0.029 | AJ22: 2018e | AP22: All-Suite Premium Luxury Hotel
B23: Transportation Equipment | C23: 600 | D23: 685 | E23: 790 | F23: 471 | I23: 41067 | J23: 3.56 | K23: 3.59 | L23: 3.54 | M23: 3.57 | N23: 3.57 | O23: 3199000 | Q23: 42885 | R23: 5.94 | S23: 6 | T23: +0.06 (1.01%) | U23: HOLD | V23: KENANGA | AE23: 2019e | AF23: 0.045 | AG23: 0.063 | AH23: 0.029 | AJ23: 2019e | AP23: Sky Avenue lifestyle mall and Sky Plaza
B24: Other Property, Plant & Equipment | C24: -- | D24: 7426 | E24: 10475 | F24: 12159 | I24: 41068 | J24: 3.55 | K24: 3.57 | L24: 3.53 | M24: 3.54 | N24: 3.54 | O24: 1510400 | Q24: 42885 | R24: 5.94 | S24: 5.2 | T24: -0.74 (12.46%) | U24: SELL | V24: AMMB | AJ24: 2020e | AK24: 36000000 | AP24: High-speed cable car system
B25: Property, Plant, & Equipment under Capitalized Leases | C25: 51 | D25: 51 | E25: 25 | F25: 25 | I25: 41071 | J25: 3.56 | K25: 3.58 | L25: 3.51 | M25: 3.53 | N25: 3.53 | O25: 4618700 | Q25: 42885 | R25: 5.94 | S25: 6 | T25: +0.06 (1.01%) | U25: HOLD | V25: Affin Hwang Capital | AP25: Luxury Hotels
B26: Property, Plant and Equipment - Gross | C26: 10754 | D26: 12446 | E26: 16170 | F26: 18174 | I26: 41072 | J26: 3.47 | K26: 3.51 | L26: 3.46 | M26: 3.46 | N26: 3.46 | O26: 3508600 | Q26: 42790 | R26: 5.5 | S26: 6.1 | T26: +0.60 (10.91%) | U26: BUY | V26: TA | AP26: Infra | AR26: s
B27: Accumulated Depreciation | C27: -4481 | D27: -4835 | E27: -5510 | F27: -5830 | G27: ` | I27: 41073 | J27: 3.47 | K27: 3.48 | L27: 3.43 | M27: 3.44 | N27: 3.44 | O27: 3615800 | Q27: 42790 | R27: 5.5 | S27: 5.1 | T27: -0.40 (7.27%) | U27: HOLD | V27: PUBLIC BANK
B28: Property, Plant and Equipment - Net | C28: 6273 | D28: 7611 | E28: 10660 | F28: 12343 | I28: 41074 | J28: 3.42 | K28: 3.43 | L28: 3.4 | M28: 3.4 | N28: 3.4 | O28: 4160800 | Q28: 42790 | R28: 5.5 | S28: 5.66 | T28: +0.16 (2.91%) | U28: HOLD | V28: KENANGA
B29: Long Term Receivables | C29: 263 | D29: 252 | E29: 252 | F29: 1731 | I29: 41075 | J29: 3.44 | K29: 3.6 | L29: 3.44 | M29: 3.6 | N29: 3.6 | O29: 5952100 | Q29: 42790 | R29: 5.5 | S29: 5.1 | T29: -0.40 (7.27%) | U29: HOLD | V29: HLG
B30: Other Investments | C30: 3337 | D30: 3198 | E30: 2392 | F30: 2421 | I30: 41078 | J30: 3.6 | K30: 3.63 | L30: 3.54 | M30: 3.58 | N30: 3.58 | O30: 1060800 | Q30: 42761 | R30: 4.97 | S30: 5.66 | T30: +0.69 (13.88%) | U30: BUY | V30: KENANGA
B31: Deferred Charges | C31: 0 | D31: 73 | E31: 71 | F31: 112 | I31: 41079 | J31: 3.58 | K31: 3.61 | L31: 3.55 | M31: 3.61 | N31: 3.61 | O31: 2823100
B32: Total Intangible Other Assets - Net | C32: 4387 | D32: 4482 | E32: 5367 | F32: 5036 | I32: 41080 | J32: 3.59 | K32: 3.65 | L32: 3.57 | M32: 3.65 | N32: 3.65 | O32: 2019800 | Q32: Date | R32: 42907
B33: Other Assets - Total | C33: 4561 | D33: 4756 | E33: 5676 | F33: 5270 | I33: 41081 | J33: 3.65 | K33: 3.65 | L33: 3.58 | M33: 3.6 | N33: 3.6 | O33: 1678300 | Q33: Current P/E at 21 Jun 2017 | T33: 10.25
B34: TOTAL ASSETS | C34: 19677 | D34: 20597 | E34: 27283 | F34: 27772 | I34: 41082 | J34: 3.58 | K34: 3.64 | L34: 3.55 | M34: 3.55 | N34: 3.55 | O34: 2928900
B35: LIABILITIES | I35: 41085 | J35: 3.57 | K35: 3.59 | L35: 3.54 | M35: 3.54 | N35: 3.54 | O35: 826500
B36: Accounts Payable | C36: 415 | D36: 431 | E36: 503 | F36: 442 | I36: 41086 | J36: 3.54 | K36: 3.56 | L36: 3.5 | M36: 3.52 | N36: 3.52 | O36: 5736800
B37: Short Term Debt & Current Portion of Long Term Debt | C37: 197 | D37: 207 | E37: 784 | F37: 1103 | I37: 41087 | J37: 3.5 | K37: 3.56 | L37: 3.5 | M37: 3.56 | N37: 3.56 | O37: 1881500
B38: Accrued Payroll | C38: 14 | D38: 16 | E38: 19 | F38: 32 | I38: 41088 | J38: 3.54 | K38: 3.55 | L38: 3.51 | M38: 3.52 | N38: 3.52 | O38: 1682100
B39: Income Taxes Payable | C39: 72 | D39: 52 | E39: 52 | F39: 4 | I39: 41089 | J39: 3.52 | K39: 3.6 | L39: 3.52 | M39: 3.6 | N39: 3.6 | O39: 4890700
B40: Other Current Liabilities | C40: 1342 | D40: 1547 | E40: 2309 | F40: 2450 | I40: 41092 | J40: 3.61 | K40: 3.62 | L40: 3.58 | M40: 3.6 | N40: 3.6 | O40: 1835400
B41: CURRENT LIABILITIES - TOTAL | C41: 2040 | D41: 2253 | E41: 3667 | F41: 4032 | I41: 41093 | J41: 3.61 | K41: 3.64 | L41: 3.6 | M41: 3.63 | N41: 3.63 | O41: 4496900
B42: Long Term Debt | C42: 1483 | D42: 1411 | E42: 3841 | F42: 3223 | I42: 41094 | J42: 3.62 | K42: 3.64 | L42: 3.61 | M42: 3.63 | N42: 3.63 | O42: 3652900
B43: Provision for Risks and Charges | C43: 171 | D43: 186 | E43: 190 | F43: 211 | I43: 41095 | J43: 3.6 | K43: 3.62 | L43: 3.56 | M43: 3.58 | N43: 3.58 | O43: 2880600
B44: Deferred Taxes - Credit | C44: 663 | D44: 659 | E44: 706 | F44: 674 | I44: 41096 | J44: 3.6 | K44: 3.72 | L44: 3.59 | M44: 3.68 | N44: 3.68 | O44: 3709700
B45: Deferred Taxes - Debit | C45: 175 | D45: 201 | E45: 238 | F45: 122 | I45: 41099 | J45: 3.67 | K45: 3.67 | L45: 3.61 | M45: 3.61 | N45: 3.61 | O45: 1792000
B46: DEFERRED TAXES | C46: 489 | D46: 458 | E46: 469 | F46: 551 | I46: 41100 | J46: 3.62 | K46: 3.64 | L46: 3.59 | M46: 3.63 | N46: 3.63 | O46: 2378600
B47: Other Liabilities | C47: 17 | D47: 16 | E47: 11 | F47: 10 | I47: 41101 | J47: 3.62 | K47: 3.63 | L47: 3.58 | M47: 3.59 | N47: 3.59 | O47: 2901800
B48: TOTAL LIABILITIES | C48: 4200 | D48: 4323 | E48: 8177 | F48: 8027 | I48: 41102 | J48: 3.58 | K48: 3.62 | L48: 3.58 | M48: 3.62 | N48: 3.62 | O48: 777700
B49: EQUITY | I49: 41103 | J49: 3.6 | K49: 3.63 | L49: 3.58 | M49: 3.6 | N49: 3.6 | O49: 1328700
B50: Non-Equity Reserves | C50: 0 | D50: 0 | E50: 0 | F50: 0 | I50: 41106 | J50: 3.6 | K50: 3.64 | L50: 3.6 | M50: 3.64 | N50: 3.64 | O50: 1840600
B51: Minority Interest | C51: 20 | D51: -31 | E51: 26 | F51: -120 | I51: 41107 | J51: 3.61 | K51: 3.62 | L51: 3.59 | M51: 3.6 | N51: 3.6 | O51: 3871900
B52: Preferred Stock | C52: 0 | D52: 0 | E52: 0 | F52: 0 | I52: 41108 | J52: 3.6 | K52: 3.62 | L52: 3.58 | M52: 3.6 | N52: 3.6 | O52: 2306500
B53: Common Stock | C53: 594 | D53: 594 | E53: 594 | F53: 594 | I53: 41109 | J53: 3.6 | K53: 3.62 | L53: 3.57 | M53: 3.58 | N53: 3.58 | O53: 2359600
B54: Capital Surplus | C54: 1171 | D54: 1171 | E54: 1171 | F54: 1171 | I54: 41110 | J54: 3.56 | K54: 3.58 | L54: 3.53 | M54: 3.58 | N54: 3.58 | O54: 3531800
B55: Retained Earnings | C55: 12923 | D55: 13465 | E55: 14349 | F55: 16808 | I55: 41113 | J55: 3.56 | K55: 3.56 | L55: 3.5 | M55: 3.5 | N55: 3.5 | O55: 1747400
B56: ESOP Guarantees | C56: 0 | D56: 0 | E56: 35 | F56: -8 | I56: 41114 | J56: 3.51 | K56: 3.51 | L56: 3.45 | M56: 3.46 | N56: 3.46 | O56: 3029700
B57: Unrealized Foreign Exchange Gain/Loss | C57: 2 | D57: 716 | E57: 2832 | F57: 2196 | I57: 41115 | J57: 3.46 | K57: 3.46 | L57: 3.43 | M57: 3.43 | N57: 3.43 | O57: 2984100
B58: Unrealized Gain/Loss on Marketable Securities | C58: 1667 | D58: 1261 | E58: 1078 | F58: 0 | I58: 41116 | J58: 3.44 | K58: 3.45 | L58: 3.3 | M58: 3.3 | N58: 3.3 | O58: 9015000
B59: Treasury Stock | C59: -898 | D59: -902 | E59: -907 | F59: -911 | I59: 41117 | J59: 3.35 | K59: 3.38 | L59: 3.31 | M59: 3.32 | N59: 3.32 | O59: 7701500
B60: COMMON EQUITY | C60: 15458 | D60: 16304 | E60: 19080 | F60: 19865 | I60: 41120 | J60: 3.34 | K60: 3.36 | L60: 3.32 | M60: 3.34 | N60: 3.34 | O60: 8591300
B61: TOTAL LIABILITIES & SHAREHOLDERS’ EQUITY | C61: 19677 | D61: 20597 | E61: 27283 | F61: 27772 | I61: 41121 | J61: 3.36 | K61: 3.44 | L61: 3.36 | M61: 3.37 | N61: 3.37 | O61: 7254600
B62: SHARE INFORMATION | I62: 41122 | J62: 3.37 | K62: 3.39 | L62: 3.34 | M62: 3.34 | N62: 3.34 | O62: 11921800
B63: Common Shares Outstanding | C63: 5671 | D63: 5670 | E63: 5669 | F63: 5668 | I63: 41123 | J63: 3.36 | K63: 3.43 | L63: 3.36 | M63: 3.43 | N63: 3.43 | O63: 3885000
B64: () = Negative Values | I64: 41124 | J64: 3.41 | K64: 3.43 | L64: 3.36 | M64: 3.36 | N64: 3.36 | O64: 3352600
B65: In Malaysian Ringgits | I65: 41127 | J65: 3.39 | K65: 3.39 | L65: 3.34 | M65: 3.35 | N65: 3.35 | O65: 2113700
B66: Values are displayed in Millions except for earnings per share and where noted | I66: 41128 | J66: 3.38 | K66: 3.38 | L66: 3.3 | M66: 3.3 | N66: 3.3 | O66: 6654500
I67: 41129 | J67: 3.31 | K67: 3.34 | L67: 3.28 | M67: 3.28 | N67: 3.28 | O67: 4793000
B68: Profit and Loss | I68: 41130 | J68: 3.29 | K68: 3.38 | L68: 3.28 | M68: 3.38 | N68: 3.38 | O68: 6374600
B69: NET SALES OR REVENUES | C69: 8327 | D69: 8229 | E69: 8396 | F69: 8932 | I69: 41131 | J69: 3.4 | K69: 3.4 | L69: 3.36 | M69: 3.39 | N69: 3.39 | O69: 4243800
B70: Cost of Goods Sold (Excl Depreciation) | C70: 5013 | D70: 5234 | E70: 5690 | F70: 5668 | I70: 41134 | J70: 3.39 | K70: 3.46 | L70: 3.38 | M70: 3.46 | N70: 3.46 | O70: 3001700
B71: Depreciation, Depletion And Amortization | C71: 515 | D71: 590 | E71: 664 | F71: 781 | I71: 41135 | J71: 3.45 | K71: 3.48 | L71: 3.42 | M71: 3.48 | N71: 3.48 | O71: 2885700
B72: Depreciation | C72: 440 | D72: 511 | E72: 567 | F72: 661 | I72: 41136 | J72: 3.49 | K72: 3.49 | L72: 3.43 | M72: 3.48 | N72: 3.48 | O72: 2682000
B73: Amortization of Intangibles | C73: 75 | D73: 79 | E73: 96 | F73: 120 | I73: 41137 | J73: 3.47 | K73: 3.49 | L73: 3.46 | M73: 3.48 | N73: 3.48 | O73: 1840600
B74: GROSS INCOME | C74: 2800 | D74: 2406 | E74: 2042 | F74: 2483 | I74: 41138 | J74: 3.47 | K74: 3.5 | L74: 3.45 | M74: 3.49 | N74: 3.49 | O74: 2189800
B75: Selling, General & Admin Expenses | C75: 845 | D75: 758 | E75: 747 | F75: 981 | I75: 41143 | J75: 3.49 | K75: 3.49 | L75: 3.39 | M75: 3.4 | N75: 3.4 | O75: 2887800
B76: Other Operating Expenses | C76: 280 | D76: 291 | E76: 381 | F76: 171 | I76: 41144 | J76: 3.41 | K76: 3.42 | L76: 3.39 | M76: 3.39 | N76: 3.39 | O76: 1251800
B77: OPERATING INCOME | C77: 1675 | D77: 1357 | E77: 914 | F77: 1330 | I77: 41145 | J77: 3.41 | K77: 3.43 | L77: 3.36 | M77: 3.36 | N77: 3.36 | O77: 3264800
B78: Extraordinary Credit - Pretax | C78: 11 | D78: 48 | E78: 49 | F78: 98 | I78: 41148 | J78: 3.36 | K78: 3.37 | L78: 3.35 | M78: 3.36 | N78: 3.36 | O78: 1376000
B79: Extraordinary Charge - Pretax | C79: -89 | D79: -75 | E79: -38 | F79: -32 | I79: 41149 | J79: 3.36 | K79: 3.37 | L79: 3.35 | M79: 3.36 | N79: 3.36 | O79: 1430400
B80: Non-Operating Interest Income | C80: -- | D80: -- | E80: -- | F80: 21 | I80: 41150 | J80: 3.35 | K80: 3.35 | L80: 3.3 | M80: 3.3 | N80: 3.3 | O80: 5503500
B81: Other Income/Expenses - Net | C81: 234 | D81: 229 | E81: 642 | F81: 1764 | I81: 41151 | J81: 3.33 | K81: 3.53 | L81: 3.33 | M81: 3.53 | N81: 3.53 | O81: 12450100
B82: Interest Expense On Debt | C82: 52 | D82: 35 | E82: 36 | F82: 184 | I82: 41155 | J82: 3.53 | K82: 3.53 | L82: 3.47 | M82: 3.51 | N82: 3.51 | O82: 4528600
B83: Interest Capitalized | C83: 0 | D83: 0 | E83: 0 | F83: 93 | I83: 41156 | J83: 3.52 | K83: 3.57 | L83: 3.5 | M83: 3.57 | N83: 3.57 | O83: 2901600
B84: PRETAX INCOME | C84: 1779 | D84: 1524 | E84: 1530 | F84: 3091 | I84: 41157 | J84: 3.56 | K84: 3.56 | L84: 3.51 | M84: 3.53 | N84: 3.53 | O84: 6715000
B85: Income Taxes | C85: -182 | D85: -384 | E85: -287 | F85: -290 | I85: 41158 | J85: 3.52 | K85: 3.54 | L85: 3.48 | M85: 3.51 | N85: 3.51 | O85: 5662800
B86: Current Domestic Income Tax | C86: 428 | D86: 373 | E86: 313 | F86: 74 | I86: 41159 | J86: 3.52 | K86: 3.55 | L86: 3.49 | M86: 3.49 | N86: 3.49 | O86: 5405400
B87: Current Foreign Income Tax | C87: 37 | D87: 37 | E87: -2 | F87: 66 | I87: 41162 | J87: 3.53 | K87: 3.55 | L87: 3.49 | M87: 3.55 | N87: 3.55 | O87: 2756500
B88: Deferred Domestic Income Tax | C88: -283 | D88: -27 | E88: -23 | F88: 150 | I88: 41163 | J88: 3.53 | K88: 3.54 | L88: 3.5 | M88: 3.53 | N88: 3.53 | O88: 2921900
B89: Minority Interest | C89: -19 | D89: -48 | E89: -15 | F89: -79 | I89: 41164 | J89: 3.52 | K89: 3.54 | L89: 3.48 | M89: 3.5 | N89: 3.5 | O89: 2952500
B90: Equity in Earnings | C90: -13 | D90: 0 | E90: 0 | F90: 0 | I90: 41165 | J90: 3.5 | K90: 3.62 | L90: 3.49 | M90: 3.62 | N90: 3.62 | O90: 5712700
B91: NET INCOME BEFORE EXTRA ITEMS/PREFERRED DIVIDENDS | C91: 1603 | D91: 1189 | E91: 1258 | F91: 2880 | I91: 41166 | J91: 3.62 | K91: 3.72 | L91: 3.62 | M91: 3.72 | N91: 3.72 | O91: 4916000
B92: NET INCOME USED TO CALCULATE BASIC EARNINGS PER SHARE | C92: 1603 | D92: 1189 | E92: 1258 | F92: 2880 | I92: 41170 | J92: 3.72 | K92: 3.78 | L92: 3.65 | M92: 3.65 | N92: 3.65 | O92: 5878300
... B95: Earning per Common Share - Fully Diluted | C95: 0.28 | D95: 0.21 | E95: 0.22 | F95: 0.51 | I95: 41173 | J95: 3.52 | K95: 3.56 | L95: 3.43 | M95: 3.5 | N95: 3.5 | O95: 7204200
B96: () = Negative Values | I96: 41176 | J96: 3.45 | K96: 3.46 | L96: 3.4 | M96: 3.4 | N96: 3.4 | O96: 6862400
B97: In Malaysian Ringgits | I97: 41177 | J97: 3.4 | K97: 3.45 | L97: 3.38 | M97: 3.43 | N97: 3.43 | O97: 4092300
B98: Values are displayed in Millions except for earnings per share and where noted | I98: 41178 | J98: 3.43 | K98: 3.43 | L98: 3.35 | M98: 3.38 | N98: 3.38 | O98: 4815600
I99: 41179 | J99: 3.38 | K99: 3.41 | L99: 3.35 | M99: 3.37 | N99: 3.37 | O99: 5496400
B100: Cash Flow Statement | I100: 41180 | J100: 3.38 | K100: 3.5 | L100: 3.36 | M100: 3.5 | N100: 3.5 | O100: 8296800
C101: 2016 | D101: 2015 | E101: 2014 | F101: 2013 | I101: 41183 | J101: 3.49 | K101: 3.62 | L101: 3.46 | M101: 3.59 | N101: 3.59 | O101: 6619300
B102: OPERATING ACTIVITIES | I102: 41184 | J102: 3.6 | K102: 3.68 | L102: 3.6 | M102: 3.68 | N102: 3.68 | O102: 5367800
B103: Net Income / Starting Line | C103: 1766 | D103: 1524 | E103: 1530 | F103: 3091 | I103: 41185 | J103: 3.67 | K103: 3.73 | L103: 3.67 | M103: 3.72 | N103: 3.72 | O103: 7620400
B104: Depreciation and Depletion | C104: 440 | D104: 511 | E104: 567 | F104: 661 | I104: 41186 | J104: 3.7 | K104: 3.78 | L104: 3.69 | M104: 3.78 | N104: 3.78 | O104: 6964800
B105: Amoritization of Intangible Assets | C105: 75 | D105: 79 | E105: 96 | F105: 120 | I105: 41187 | J105: 3.78 | K105: 3.8 | L105: 3.75 | M105: 3.78 | N105: 3.78 | O105: 3722000
...

Sheet Analysis
B2: Share Price Performance
K4: Share Price | L4: Volume
J5: Average | K5: =AVERAGE('Hard Input'!$N$7:$N$1242) -> 4.2116019 | L5: =AVERAGE('Hard Input'!$O$7:$O$1242) -> 4448439
J6: Median | K6: =MEDIAN('Hard Input'!$N$7:$N$1242) -> 4.23 | L6: =MEDIAN('Hard Input'!$O$7:$O$1242) -> 3707200
J7: Min | K7: =MIN('Hard Input'!$N$7:$N$1242) -> 3.28 | L7: =MIN('Hard Input'!$O$7:$O$1242) -> 0
J8: Max | K8: =MAX('Hard Input'!$N$7:$N$1242) -> 6.02 | L8: =MAX('Hard Input'!$O$7:$O$1242) -> 30035100
J9: S. Dev | K9: =_xlfn.STDEV.P('Hard Input'!$N$7:$N$1242) -> 0.46842177 | L9: =_xlfn.STDEV.P('Hard Input'!$O$7:$O$1242) -> 3152436.9
J10: Range | K10: =CONCATENATE(ROUND(K7,2), " - ",ROUND(K8, 2)) -> 3.28 - 6.02 | L10: =CONCATENATE(ROUND(L7,2), " - ",ROUND(L8, 2)) -> 0 - 30035100
J12: Total Shareholder Return (without dividend)
J13: From
J14: 2012-2013 | K14: ='Hard Input'!N162/'Hard Input'!N7 - 1 -> 0.011396011
J15: 2013-2014 | K15: ='Hard Input'!N408/'Hard Input'!N163 - 1 -> 0.22969188
J16: 2014-2015 | K16: ='Hard Input'!N655/'Hard Input'!N409 - 1 -> -0.073394495
J17: 2015-2016 | K17: ='Hard Input'!N901/'Hard Input'!N656 - 1 -> 0.081481481
J18: 2016-2017 | K18: ='Hard Input'!N1151/'Hard Input'!N902 - 1 -> 0.09569378
J19: 2017-Present | K19: ='Hard Input'!N1242/'Hard Input'!N1152 - 1 -> 0.26637555
J21: 2013-Present | K21: ='Hard Input'!N1242/'Hard Input'!N163 - 1 -> 0.62464986
J23: CAGR
J24: From
J25: 2013 | K25: 2017 | L25: =('Hard Input'!N1151/'Hard Input'!N163)^(1/(K25-J25)) - 1 -> 0.064263862
B28: Dividend History
C30: Share Price | D30: Dividend | E30: Div Yield | G30: Average | H30: =AVERAGE(E31:E35) -> 0.028730513
B31: ='Hard Input'!I7 -> 41045 | C31: ='Hard Input'!N7 -> 3.51 | D31: ='Hard Input'!Y8 -> 0.09 | E31: =D31/C31 -> 0.025641026 | G31: Median | H31: =MEDIAN(E31:E35) -> 0.025210084
B32: ='Hard Input'!I163 -> 41276 | C32: ='Hard Input'!N163 -> 3.57 | D32: ='Hard Input'!Z8 -> 0.09 | E32: =D32/C32 -> 0.025210084 | G32: Min | H32: =MIN(E31:E35) -> 0.016055046
B33: ='Hard Input'!I409 -> 41641 | C33: ='Hard Input'!N409 -> 4.36 | D33: ='Hard Input'!AA8 -> 0.07 | E33: =D33/C33 -> 0.016055046 | G33: Max | H33: =MAX(E31:E35) -> 0.06
B34: ='Hard Input'!I656 -> 42006 | C34: 1 | D34: ='Hard Input'!AB8 -> 0.06 | E34: =D34/C34 -> 0.06 | G34: Std Dev | H34: =_xlfn.STDEV.P(E31:E35) -> 0.016149336
B35: ='Hard Input'!I902 -> 42373 | C35: ='Hard Input'!N902 -> 4.18 | D35: ='Hard Input'!AC8 -> 0.07 | E35: =D35/C35 -> 0.016746411
B38: Year | C38: 2012 | D38: 2013 | E38: 2014 | F38: 2015 | G38: 2016
B39: Dividend Yield | C39: =E31 -> 0.025641026 | D39: =E32 -> 0.025210084 | E39: =E33 -> 0.016055046 | F39: =E34 -> 0.06 | G39: =E35 -> 0.016746411
B46: Financials
B48: P&L Analysis | H48: Without Other Income Portion
C49: 2013 | D49: =C49+1 -> 2014 | E49: =D49+1 -> 2015 | F49: =E49+1 -> 2016 | H49: 2013 | I49: =H49+1 -> 2014 | J49: =I49+1 -> 2015 | K49: =J49+1 -> 2016
B50: Revenue + Other Income | C50: =SUM(C51:C52) -> 8561 | D50: =SUM(D51:D52) -> 8458 | E50: =SUM(E51:E52) -> 9038 | F50: =SUM(F51:F52) -> 10696 | H50: =C51 -> 8327 | I50: =D51 -> 8229 | J50: =E51 -> 8396 | K50: =F51 -> 8932
B51: Revenue | C51: ='Hard Input'!C69 -> 8327 | D51: ='Hard Input'!D69 -> 8229 | E51: ='Hard Input'!E69 -> 8396 | F51: ='Hard Input'!F69 -> 8932
B52: Other Income | C52: ='Hard Input'!C81 -> 234 | D52: ='Hard Input'!D81 -> 229 | E52: ='Hard Input'!E81 -> 642 | F52: ='Hard Input'!F81 -> 1764
B53: Cost of Goods Sold | C53: =-'Hard Input'!C70 -> -5013 | D53: =-'Hard Input'!D70 -> -5234 | E53: =-'Hard Input'!E70 -> -5690 | F53: =-'Hard Input'!F70 -> -5668 | H53: =C53 -> -5013 | I53: =D53 -> -5234 | J53: =E53 -> -5690 | K53: =F53 -> -5668
B54: Gross Profit | C54: =C50+C53 -> 3548 | D54: =D50+D53 -> 3224 | E54: =E50+E53 -> 3348 | F54: =F50+F53 -> 5028 | H54: =H50+H53 -> 3314 | I54: =I50+I53 -> 2995 | J54: =J50+J53 -> 2706 | K54: =K50+K53 -> 3264
B55: SGA Expense | C55: =-'Hard Input'!C75 -> -845 | D55: =-'Hard Input'!D75 -> -758 | E55: =-'Hard Input'!E75 -> -747 | F55: =-'Hard Input'!F75 -> -981 | H55: =C55 -> -845 | I55: =D55 -> -758 | J55: =E55 -> -747 | K55: =F55 -> -981
B56: Other Op Expense | C56: =-'Hard Input'!C76 -> -280 | D56: =-'Hard Input'!D76 -> -291 | E56: =-'Hard Input'!E76 -> -381 | F56: =-'Hard Input'!F76 -> -171 | H56: =C56 -> -280 | I56: =D56 -> -291 | J56: =E56 -> -381 | K56: =F56 -> -171
B57: EBITDA | C57: =SUM(C54:C56) -> 2423 | D57: =SUM(D54:D56) -> 2175 | E57: =SUM(E54:E56) -> 2220 | F57: =SUM(F54:F56) -> 3876 | H57: =SUM(H54:H56) -> 2189 | I57: =SUM(I54:I56) -> 1946 | J57: =SUM(J54:J56) -> 1578 | K57: =SUM(K54:K56) -> 2112
B58: Extraordinary Credit | C58: ='Hard Input'!C78 -> 11 | D58: ='Hard Input'!D78 -> 48 | E58: ='Hard Input'!E78 -> 49 | F58: ='Hard Input'!F78 -> 98 | H58: =C58 -> 11 | I58: =D58 -> 48 | J58: =E58 -> 49 | K58: =F58 -> 98
B59: Extraordinary Charge | C59: ='Hard Input'!C79 -> -89 | D59: ='Hard Input'!D79 -> -75 | E59: ='Hard Input'!E79 -> -38 | F59: ='Hard Input'!F79 -> -32 | H59: =C59 -> -89 | I59: =D59 -> -75 | J59: =E59 -> -38 | K59: =F59 -> -32
B60: EBITDA (incld Extra) | C60: =SUM(C57:C59) -> 2345 | D60: =SUM(D57:D59) -> 2148 | E60: =SUM(E57:E59) -> 2231 | F60: =SUM(F57:F59) -> 3942 | H60: =SUM(H57:H59) -> 2111 | I60: =SUM(I57:I59) -> 1919 | J60: =SUM(J57:J59) -> 1589 | K60: =SUM(K57:K59) -> 2178
B61: Depreciation | C61: =-'Hard Input'!C72 -> -440 | D61: =-'Hard Input'!D72 -> -511 | E61: =-'Hard Input'!E72 -> -567 | F61: =-'Hard Input'!F72 -> -661 | H61: =C61 -> -440 | I61: =D61 -> -511 | J61: =E61 -> -567 | K61: =F61 -> -661
B62: Amortization | C62: =-'Hard Input'!C73 -> -75 | D62: =-'Hard Input'!D73 -> -79 | E62: =-'Hard Input'!E73 -> -96 | F62: =-'Hard Input'!F73 -> -120 | H62: =C62 -> -75 | I62: =D62 -> -79 | J62: =E62 -> -96 | K62: =F62 -> -120
B63: EBIT | C63: =SUM(C60:C62) -> 1830 | D63: =SUM(D60:D62) -> 1558 | E63: =SUM(E60:E62) -> 1568 | F63: =SUM(F60:F62) -> 3161 | H63: =SUM(H60:H62) -> 1596 | I63: =SUM(I60:I62) -> 1329 | J63: =SUM(J60:J62) -> 926 | K63: =SUM(K60:K62) -> 1397
B64: Interest Expense | C64: =-'Hard Input'!C82 -> -52 | D64: =-'Hard Input'!D82 -> -35 | E64: =-'Hard Input'!E82 -> -36 | F64: =-'Hard Input'!F82 -> -184 | H64: =C64 -> -52 | I64: =D64 -> -35 | J64: =E64 -> -36 | K64: =F64 -> -184
B65: Interest Capitalised | C65: ='Hard Input'!C83 -> 0 | D65: ='Hard Input'!D83 -> 0 | E65: ='Hard Input'!E83 -> 0 | F65: ='Hard Input'!F83 -> 93 | H65: =C65 -> 0 | I65: =D65 -> 0 | J65: =E65 -> 0 | K65: =F65 -> 93
B66: Non-Interest Income | C66: 0 | D66: 0 | E66: 0 | F66: ='Hard Input'!F80 -> 21 | H66: =C66 -> 0 | I66: =D66 -> 0 | J66: =E66 -> 0 | K66: =F66 -> 21
B67: EBT | C67: =SUM(C63:C66) -> 1778 | D67: =SUM(D63:D66) -> 1523 | E67: =SUM(E63:E66) -> 1532 | F67: =SUM(F63:F66) -> 3091 | H67: =SUM(H63:H66) -> 1544 | I67: =SUM(I63:I66) -> 1294 | J67: =SUM(J63:J66) -> 890 | K67: =SUM(K63:K66) -> 1327
B68: Income Taxes | C68: ='Hard Input'!C85 -> -182 | D68: ='Hard Input'!D85 -> -384 | E68: ='Hard Input'!E85 -> -287 | F68: ='Hard Input'!F85 -> -290 | H68: =C68 -> -182 | I68: =D68 -> -384 | J68: =E68 -> -287 | K68: =F68 -> -290
B69: Equity Earnings | C69: ='Hard Input'!C90 -> -13 | D69: ='Hard Input'!D90 -> 0 | E69: ='Hard Input'!E90 -> 0 | F69: ='Hard Input'!F90 -> 0 | H69: =C69 -> -13 | I69: =D69 -> 0 | J69: =E69 -> 0 | K69: =F69 -> 0
B70: Net Income | C70: =SUM(C67:C69) -> 1583 | D70: =SUM(D67:D69) -> 1139 | E70: =SUM(E67:E69) -> 1245 | F70: =SUM(F67:F69) -> 2801 | H70: =SUM(H67:H69) -> 1349 | I70: =SUM(I67:I69) -> 910 | J70: =SUM(J67:J69) -> 603 | K70: =SUM(K67:K69) -> 1037
B71: Minority Interest | C71: ='Hard Input'!C89 -> -19 | D71: ='Hard Input'!D89 -> -48 | E71: ='Hard Input'!E89 -> -15 | F71: ='Hard Input'!F89 -> -79 | H71: =C71 -> -19 | I71: =D71 -> -48 | J71: =E71 -> -15 | K71: =F71 -> -79
B72: Net Income (w/o MI) | C72: =SUM(C70:C71) -> 1564 | D72: =SUM(D70:D71) -> 1091 | E72: =SUM(E70:E71) -> 1230 | F72: =SUM(F70:F71) -> 2722 | H72: =SUM(H70:H71) -> 1330 | I72: =SUM(I70:I71) -> 862 | J72: =SUM(J70:J71) -> 588 | K72: =SUM(K70:K71) -> 958
B74: Total Operating Cost | C74: =-SUM(C53,C55:C56) -> 6138 | D74: =-SUM(D53,D55:D56) -> 6283 | E74: =-SUM(E53,E55:E56) -> 6818 | F74: =-SUM(F53,F55:F56) -> 6820 | H74: =-SUM(H53,H55:H56) -> 6138 | I74: =-SUM(I53,I55:I56) -> 6283 | J74: =-SUM(J53,J55:J56) -> 6818 | K74: =-SUM(K53,K55:K56) -> 6820
B76: Revenue + Other Income | C76: =C50 -> 8561 | D76: =D50 -> 8458 | E76: =E50 -> 9038 | F76: =F50 -> 10696 | H76: =H50 -> 8327 | I76: =I50 -> 8229 | J76: =J50 -> 8396 | K76: =K50 -> 8932
B77: Revenue | C77: =C51 -> 8327 | D77: =D51 -> 8229 | E77: =E51 -> 8396 | F77: =F51 -> 8932 | H77: =H51 -> 0 | I77: =I51 -> 0 | J77: =J51 -> 0 | K77: =K51 -> 0
B78: Other Income | C78: =C52 -> 234 | D78: =D52 -> 229 | E78: =E52 -> 642 | F78: =F52 -> 1764 | H78: =H52 -> 0 | I78: =I52 -> 0 | J78: =J52 -> 0 | K78: =K52 -> 0
B79: Other Income Margin (%) | C79: =C78/C76 -> 0.027333255 | D79: =D78/D76 -> 0.027074959 | E79: =E78/E76 -> 0.071033414 | F79: =F78/F76 -> 0.16492147 | H79: =H78/H76 -> 0 | I79: =I78/I76 -> 0 | J79: =J78/J76 -> 0 | K79: =K78/K76 -> 0
B81: Margin to Revenue + Other Income (%)
B82: Gross Profit | C82: =C54/C50 -> 0.41443757 | D82: =D54/D50 -> 0.38117758 | E82: =E54/E50 -> 0.37043594 | F82: =F54/F50 -> 0.47008227 | H82: =H54/H50 -> 0.39798247 | I82: =I54/I50 -> 0.36395674 | J82: =J54/J50 -> 0.32229633 | K82: =K54/K50 -> 0.36542768
B83: EBITDA | C83: =C57/C50 -> 0.28302768 | D83: =D57/D50 -> 0.25715299 | E83: =E57/E50 -> 0.24562956 | F83: =F57/F50 -> 0.36237846 | H83: =H57/H50 -> 0.26287979 | I83: =I57/I50 -> 0.23648074 | J83: =J57/J50 -> 0.18794664 | K83: =K57/K50 -> 0.2364532
B84: EBITDA (incl Extra) | C84: =C60/C50 -> 0.2739166 | D84: =D60/D50 -> 0.25396075 | E84: =E60/E50 -> 0.24684665 | F84: =F60/F50 -> 0.36854899 | H84: =H60/H50 -> 0.25351267 | I84: =I60/I50 -> 0.23319966 | J84: =J60/J50 -> 0.18925679 | K84: =K60/K50 -> 0.24384236
B85: EBIT | C85: =C63/C50 -> 0.21376007 | D85: =D63/D50 -> 0.1842043 | E85: =E63/E50 -> 0.17348971 | F85: =F63/F50 -> 0.29553104 | H85: =H63/H50 -> 0.19166567 | I85: =I63/I50 -> 0.16150201 | J85: =J63/J50 -> 0.11029061 | K85: =K63/K50 -> 0.15640394
B86: EBT | C86: =C67/C50 -> 0.20768602 | D86: =D67/D50 -> 0.18006621 | E86: =E67/E50 -> 0.16950653 | F86: =F67/F50 -> 0.28898654 | H86: =H67/H50 -> 0.18542092 | I86: =I67/I50 -> 0.15724875 | J86: =J67/J50 -> 0.10600286 | K86: =K67/K50 -> 0.14856695
B87: Net Income | C87: =C70/C50 -> 0.18490831 | D87: =D70/D50 -> 0.13466541 | E87: =E70/E50 -> 0.13775171 | F87: =F70/F50 -> 0.2618736 | H87: =H70/H50 -> 0.16200312 | I87: =I70/I50 -> 0.11058452 | J87: =J70/J50 -> 0.071819914 | K87: =K70/K50 -> 0.11609942
B88: Net Income (after MI) | C88: =C72/C50 -> 0.18268894 | D88: =D72/D50 -> 0.12899031 | E88: =E72/E50 -> 0.13609206 | F88: =F72/F50 -> 0.25448766 | H88: =H72/H50 -> 0.15972139 | I88: =I72/I50 -> 0.10475149 | J88: =J72/J50 -> 0.070033349 | K88: =K72/K50 -> 0.10725481
B90: COGS | C90: =-C53/C50 -> 0.58556243 | D90: =-D53/D50 -> 0.61882242 | E90: =-E53/E50 -> 0.62956406 | F90: =-F53/F50 -> 0.52991773 | H90: =-H53/H50 -> 0.60201753 | I90: =-I53/I50 -> 0.63604326 | J90: =-J53/J50 -> 0.67770367 | K90: =-K53/K50 -> 0.63457232
B91: SGA | C91: =-C55/C50 -> 0.098703422 | D91: =-D55/D50 -> 0.089619295 | E91: =-E55/E50 -> 0.082651029 | F91: =-F55/F50 -> 0.09171653 | H91: =-H55/H50 -> 0.10147712 | I91: =-I55/I50 -> 0.092113258 | J91: =-J55/J50 -> 0.088970939 | K91: =-K55/K50 -> 0.10982983
B92: Other Op Expense | C92: =-C56/C50 -> 0.03270646 | D92: =-D56/D50 -> 0.034405297 | E92: =-E56/E50 -> 0.042155344 | F92: =-F56/F50 -> 0.015987285 | H92: =-H56/H50 -> 0.033625555 | I92: =-I56/I50 -> 0.035362742 | J92: =-J56/J50 -> 0.045378752 | K92: =-K56/K50 -> 0.019144648
B93: Total Op Cost | C93: =C74/C50 -> 0.71697232 | D93: =D74/D50 -> 0.74284701 | E93: =E74/E50 -> 0.75437044 | F93: =F74/F50 -> 0.63762154 | H93: =H74/H50 -> 0.73712021 | I93: =I74/I50 -> 0.76351926 | J93: =J74/J50 -> 0.81205336 | K93: =K74/K50 -> 0.7635468
B95: Margin to Total Op Cost (%)
B96: COGS | C96: =-C53/C74 -> 0.81671554 | D96: =-D53/D74 -> 0.83304154 | E96: =-E53/E74 -> 0.83455559 | F96: =-F53/F74 -> 0.83108504 | H96: =-H53/H74 -> 0.81671554 | I96: =-I53/I74 -> 0.83304154 | J96: =-J53/J74 -> 0.83455559 | K96: =-K53/K74 -> 0.83108504
B97: SGA | C97: =-C55/C74 -> 0.13766699 | D97: =-D55/D74 -> 0.120643 | E97: =-E55/E74 -> 0.10956292 | F97: =-F55/F74 -> 0.14384164 | H97: =-H55/H74 -> 0.13766699 | I97: =-I55/I74 -> 0.120643 | J97: =-J55/J74 -> 0.10956292 | K97: =-K55/K74 -> 0.14384164
B98: Other Op Expense | C98: =-C56/C74 -> 0.045617465 | D98: =-D56/D74 -> 0.046315454 | E98: =-E56/E74 -> 0.05588149 | F98: =-F56/F74 -> 0.025073314 | H98: =-H56/H74 -> 0.045617465 | I98: =-I56/I74 -> 0.046315454 | J98: =-J56/J74 -> 0.05588149 | K98: =-K56/K74 -> 0.025073314
B100: Growth (%)
B101: Revenue | D101: =D51/C51 - 1 -> -0.011768944 | E101: =E51/D51 - 1 -> 0.020294082 | F101: =F51/E51 - 1 -> 0.063839924 | I101: =I50/H50 - 1 -> -0.011768944 | J101: =J50/I50 - 1 -> 0.020294082 | K101: =K50/J50 - 1 -> 0.063839924
B102: COGS | D102: =D53/C53 - 1 -> 0.044085378 | E102: =E53/D53 - 1 -> 0.08712266 | F102: =F53/E53 - 1 -> -0.0038664323 | I102: =I53/H53 - 1 -> 0.044085378 | J102: =J53/I53 - 1 -> 0.08712266 | K102: =K53/J53 - 1 -> -0.0038664323
B103: SGA Expense | D103: =D55/C55 - 1 -> -0.10295858 | E103: =E55/D55 - 1 -> -0.014511873 | F103: =F55/E55 - 1 -> 0.31325301 | I103: =I55/H55 - 1 -> -0.10295858 | J103: =J55/I55 - 1 -> -0.014511873 | K103: =K55/J55 - 1 -> 0.31325301
B104: Other Op Expense | D104: =D56/C56 - 1 -> 0.039285714 | E104: =E56/D56 - 1 -> 0.30927835 | F104: =F56/E56 - 1 -> -0.5511811 | I104: =I56/H56 - 1 -> 0.039285714 | J104: =J56/I56 - 1 -> 0.30927835 | K104: =K56/J56 - 1 -> -0.5511811
B105: Total Op Expense | D105: =D74/C74 - 1 -> 0.02362333 | E105: =E74/D74 - 1 -> 0.085150406 | F105: =F74/E74 - 1 -> 0.00029334116 | I105: =I74/H74 - 1 -> 0.02362333 | J105: =J74/I74 - 1 -> 0.085150406 | K105: =K74/J74 - 1 -> 0.00029334116
B106: Net Income | D106: =D70/C70 - 1 -> -0.2804801 | E106: =E70/D70 - 1 -> 0.093064091 | F106: =F70/E70 - 1 -> 1.2497992 | I106: =I70/H70 - 1 -> -0.32542624 | J106: =J70/I70 - 1 -> -0.33736264 | K106: =K70/J70 - 1 -> 0.71973466
B107: Net Income (After MI) | D107: =D72/C72 - 1 -> -0.30242967 | E107: =E72/D72 - 1 -> 0.12740605 | F107: =F72/E72 - 1 -> 1.2130081 | I107: =I72/H72 - 1 -> -0.3518797 | J107: =J72/I72 - 1 -> -0.31786543 | K107: =K72/J72 - 1 -> 0.6292517
B108: Other Income | D108: =D52/C52 - 1 -> -0.021367521 | E108: =E52/D52 - 1 -> 1.8034934 | F108: =F52/E52 - 1 -> 1.7476636 | I108: =I52/H52 - 1 -> #DIV/0! | J108: =J52/I52 - 1 -> #DIV/0! | K108: =K52/J52 - 1 -> #DIV/0!
B110: Cash Flow Analysis
C111: 2013 | D111: =C111+1 -> 2014 | E111: =D111+1 -> 2015 | F111: =E111+1 -> 2016
B112: Funds from Operations | C112: ='Hard Input'!C108 -> 1930 | D112: ='Hard Input'!D108 -> 1701 | E112: ='Hard Input'!E108 -> 1824 | F112: ='Hard Input'!F108 -> 2241
B113: ='Hard Input'!B110 -> Decrease/Increase In Receivables | C113: ='Hard Input'!C110 -> 42 | D113: ='Hard Input'!D110 -> -195 | E113: ='Hard Input'!E110 -> -82 | F113: ='Hard Input'!F110 -> -41
B114: ='Hard Input'!B111 -> Decrease/Increase In Inventories | C114: ='Hard Input'!C111 -> -10 | D114: ='Hard Input'!D111 -> -13 | E114: ='Hard Input'!E111 -> -20 | F114: ='Hard Input'!F111 -> -2
B115: ='Hard Input'!B112 -> Increase/Decrease In Accounts Payable | C115: ='Hard Input'!C112 -> 198 | D115: ='Hard Input'!D112 -> 161 | E115: ='Hard Input'!E112 -> 225 | F115: ='Hard Input'!F112 -> 111
B116: ='Hard Input'!B113 -> Decrease/Increase In Other Assets/Liability | C116: ='Hard Input'!C113 -> -7 | D116: ='Hard Input'!D113 -> -14 | E116: ='Hard Input'!E113 -> 3 | F116: ='Hard Input'!F113 -> 67
B117: Operational Cash Flow | C117: =SUM(C112:C116) -> 2153 | D117: =SUM(D112:D116) -> 1640 | E117: =SUM(E112:E116) -> 1950 | F117: =SUM(F112:F116) -> 2376
B119: ='Hard Input'!B117 -> Increase In Investments | C119: ='Hard Input'!C117 -> -459 | D119: ='Hard Input'!D117 -> -330 | E119: ='Hard Input'!E117 -> -322 | F119: ='Hard Input'!F117 -> -484
B120: ='Hard Input'!B118 -> Decrease In Investments | C120: ='Hard Input'!C118 -> 48 | D120: ='Hard Input'!D118 -> 2 | E120: ='Hard Input'!E118 -> 179 | F120: ='Hard Input'!F118 -> 1738
B121: ='Hard Input'!B119 -> Capital Expenditures (Additions To Fixed Assets) | C121: ='Hard Input'!C119 -> -1416 | D121: ='Hard Input'!D119 -> -1827 | E121: ='Hard Input'!E119 -> -2531 | F121: ='Hard Input'!F119 -> -3117
B122: ='Hard Input'!B120 -> Disposal Of Fixed Assets | C122: ='Hard Input'!C120 -> 2 | D122: ='Hard Input'!D120 -> 2 | E122: ='Hard Input'!E120 -> 34 | F122: ='Hard Input'!F120 -> 334
B123: ='Hard Input'!B121 -> Net Assets From Acquisitions | C123: ='Hard Input'!C121 -> 0 | D123: ='Hard Input'!D121 -> 0 | E123: ='Hard Input'!E121 -> -61 | F123: ='Hard Input'!F121 -> 0
B124: ='Hard Input'!B124 -> Other Sources(Uses) - Investing | C124: ='Hard Input'!C124 -> 0 | D124: ='Hard Input'!D124 -> -33 | E124: ='Hard Input'!E124 -> 0 | F124: ='Hard Input'!F124 -> 100
B125: ='Hard Input'!B125 -> Additions To Other Assets | C125: ='Hard Input'!C125 -> -24 | D125: ='Hard Input'!D125 -> -5 | E125: ='Hard Input'!E125 -> -6 | F125: ='Hard Input'!F125 -> -7
...

Sheet Valuation
B2: Current Market Valuation | F2: Date | G2: 42876
B4: Price | C4: 5.8 | E4: No of Shares (mil) | G4: 5688
B5: P/E | C5: 11.39
B6: Div Yield | C6: 0.0159
B7: EPS | C7: 0.51
B8: Market Cap (RM m) | C8: 32877
B10: Financial Model
B12: Cost of Equity | C12: 0.1 | E12: Revenue Growth | G12: 0.03 | I12: Cash + ST | J12: =Analysis!F142 -> 5454
B13: Cost of Debt | C13: =Analysis!F198 -> 0.042533518 | E13: EBITDA Margin | G13: =Analysis!K83 -> 0.2364532 | I13: Debt | J13: =Analysis!F191 -> 4326
B14: Tax Rate | C14: 0.24 | E14: Net Income Margin | G14: =Analysis!K87 -> 0.11609942
B15: D/(D+E) | C15: =Analysis!F238 -> 0.17882684 | E15: EBIT Margin | G15: =Analysis!K85 -> 0.15640394
B16: WACC | C16: =C12*(1-C15) + C13*(1-C14)*C15 -> 0.087897979 | E16: Terminal Growth | G16: 0.03
B19: Net Working Capital
C21: 2013 | D21: =C21+1 -> 2014 | E21: =D21+1 -> 2015 | F21: =E21+1 -> 2016 | G21: Average | H21: Median | J21: 2017 | K21: =J21+1 -> 2018 | L21: =K21+1 -> 2019 | M21: =L21+1 -> 2020
B22: Net Receivables | C22: ='Hard Input'!C12 -> 384 | D22: ='Hard Input'!D12 -> 642 | E22: ='Hard Input'!E12 -> 947 | F22: ='Hard Input'!F12 -> 300
B23: Inventories | C23: ='Hard Input'!C16 -> 88 | D23: ='Hard Input'!D16 -> 100 | E23: ='Hard Input'!E16 -> 120 | F23: ='Hard Input'!F16 -> 98
B24: Payable | C24: ='Hard Input'!C36 -> 415 | D24: ='Hard Input'!D36 -> 431 | E24: ='Hard Input'!E36 -> 503 | F24: ='Hard Input'!F36 -> 442
B26: Net Working Capital | C26: =C24-C22-C23 -> -57 | D26: =D24-D22-D23 -> -311 | E26: =E24-E22-E23 -> -564 | F26: =F24-F22-F23 -> 44 | G26: =AVERAGE(C26:F26) -> -222 | H26: =MEDIAN(C26:F26) -> -184
B28: Depreciation and Amortisation
B29: PPE | C29: =Analysis!C170 -> 6273 | D29: =Analysis!D170 -> 7611 | E29: =Analysis!E170 -> 10660 | F29: =Analysis!F170 -> 12343 | G29: =AVERAGE(C29:F29) -> 9221.75 | H29: =MEDIAN(C29:F29) -> 9135.5 | J29: =F29+J39-J33 -> 12200.68 | K29: =J29+K39-K33 -> 11871.367 | L29: =K29+L39-L33 -> 11562.143 | M29: =L29+M39-M33 -> 11271.784
B30: Intangibles | C30: ='Hard Input'!C32 -> 4387 | D30: ='Hard Input'!D32 -> 4482 | E30: ='Hard Input'!E32 -> 5367 | F30: ='Hard Input'!F32 -> 5036 | G30: =AVERAGE(C30:F30) -> 4818 | H30: =MEDIAN(C30:F30) -> 4759 | J30: =H30-J34 -> 4668.0584 | K30: =J30-K34 -> 4578.8547 | L30: =K30-L34 -> 4491.3556 | M30: =L30-M34 -> 4405.5285
B31: Total PPE + Intangibles | C31: =SUM(C29:C30) -> 10660 | D31: =SUM(D29:D30) -> 12093 | E31: =SUM(E29:E30) -> 16027 | F31: =SUM(F29:F30) -> 17379 | G31: =AVERAGE(C31:F31) -> 14039.75 | H31: =MEDIAN(C31:F31) -> 14060
B33: Depreciation | C33: =-Analysis!C61 -> 440 | D33: =-Analysis!D61 -> 511 | E33: =-Analysis!E61 -> 567 | F33: =-Analysis!F61 -> 661 | G33: =AVERAGE(C33:F33) -> 544.75 | H33: =MEDIAN(C33:F33) -> 539 | J33: =J36*H29 -> 557.31953 | K33: =J29*K36 -> 744.31367 | L33: =K29*L36 -> 724.22359 | M33: =L29*M36 -> 705.35912
B34: Amortisation | C34: =-Analysis!C62 -> 75 | D34: =-Analysis!D62 -> 79 | E34: =-Analysis!E62 -> 96 | F34: =-Analysis!F62 -> 120 | G34: =AVERAGE(C34:F34) -> 92.5 | H34: =MEDIAN(C34:F34) -> 87.5 | J34: =J37*H30 -> 90.941573 | K34: =J30*K37 -> 89.203735 | L34: =K30*L37 -> 87.499107 | M34: =L30*M37 -> 85.827052
B36: % of Depreciation to PPE | C36: =C33/C29 -> 0.070141878 | D36: =D33/D29 -> 0.067139666 | E36: =E33/E29 -> 0.053189493 | F36: =F33/F29 -> 0.053552621 | G36: =AVERAGE(C36:F36) -> 0.061005915 | H36: =MEDIAN(C36:F36) -> 0.060346144 | J36: =G36 -> 0.061005915 | K36: =J36 -> 0.061005915 | L36: =K36 -> 0.061005915 | M36: =L36 -> 0.061005915
B37: % of Amortization to Intangible | C37: =C34/C30 -> 0.017095965 | D37: =D34/D30 -> 0.01762606 | E37: =E34/E30 -> 0.017887088 | F37: =F34/F30 -> 0.023828435 | G37: =AVERAGE(C37:F37) -> 0.019109387 | H37: =MEDIAN(C37:F37) -> 0.017756574 | J37: =G37 -> 0.019109387 | K37: =J37 -> 0.019109387 | L37: =K37 -> 0.019109387 | M37: =L37 -> 0.019109387
B39: CAPEX | C39: =Analysis!C169 -> 1416 | D39: =Analysis!D169 -> 1827 | E39: =Analysis!E169 -> 2531 | F39: =Analysis!F169 -> 3117 | J39: =C44 -> 415 | K39: =J39 -> 415 | L39: =K39 -> 415 | M39: =L39 -> 415
B41: GITP Commitment | C41: 10380
B42: Capex from 2014-2016 | C42: =SUM(D39:F39) -> 7475 | D42: According to its latest CIMB presentation, they have commited RM7.3bn
B43: Remaining CAPEX | C43: =C41-C42 -> 2905
B44: CAPEX per year (7 years) | C44: =C43/7 -> 415
C47: Actual | G47: Projection
B48: Year | C48: 2013 | D48: =C48+1 -> 2014 | E48: =D48+1 -> 2015 | F48: =E48+1 -> 2016 | G48: 2017 | H48: 2018 | I48: 2019 | J48: 2020
B49: Revenue | C49: =Analysis!H50 -> 8327 | D49: =Analysis!I50 -> 8229 | E49: =Analysis!J50 -> 8396 | F49: =Analysis!K50 -> 8932 | G49: =F49*(1+$G$12) -> 9199.96 | H49: =G49*(1+$G$12) -> 9475.9588 | I49: =H49*(1+$G$12) -> 9760.2376 | J49: =I49*(1+$G$12) -> 10053.045
B50: EBIT | C50: =Analysis!H63 -> 1596 | D50: =Analysis!I63 -> 1329 | E50: =Analysis!J63 -> 926 | F50: =Analysis!K63 -> 1397 | G50: =G49*G51 -> 1438.91 | H50: =H49*H51 -> 1482.0773 | I50: =I49*I51 -> 1526.5396 | J50: =J49*J51 -> 1572.3358
B51: EBIT Margin | C51: =C50/C49 -> 0.19166567 | D51: =D50/D49 -> 0.16150201 | E51: =E50/E49 -> 0.11029061 | F51: =F50/F49 -> 0.15640394 | G51: =G15 -> 0.15640394 | H51: =G51 -> 0.15640394 | I51: =H51 -> 0.15640394 | J51: =I51 -> 0.15640394
B52: ( - ) Tax Expense | G52: =-G50*$C$14 -> -345.3384 | H52: =-H50*$C$14 -> -355.69855 | I52: =-I50*$C$14 -> -366.36951 | J52: =-J50*$C$14 -> -377.36059
B53: Unlevered Net Income | G53: =G50+G52 -> 1093.5716 | H53: =H50+H52 -> 1126.3787 | I53: =I50+I52 -> 1160.1701 | J53: =J50+J52 -> 1194.9752
B54: ( + ) Depreciation | G54: =J33 -> 557.31953 | H54: =K33 -> 744.31367 | I54: =L33 -> 724.22359 | J54: =M33 -> 705.35912
B55: Dep % to PPE | G55: =G36 -> 0.061005915 | H55: =G55 -> 0.061005915 | I55: =H55 -> 0.061005915 | J55: =I55 -> 0.061005915
B56: ( + ) Amortization | G56: =J34 -> 90.941573 | H56: =K34 -> 89.203735 | I56: =L34 -> 87.499107 | J56: =M34 -> 85.827052
B57: Amor % to Intangible | G57: =G37 -> 0.019109387 | H57: =G57 -> 0.019109387 | I57: =H57 -> 0.019109387 | J57: =I57 -> 0.019109387
B58: ( - ) CAPEX | G58: =-J39 -> -415 | H58: =-K39 -> -415 | I58: =-L39 -> -415 | J58: =-M39 -> -415
B59: ( - ) NWC | G59: 0 | H59: 0 | I59: 0 | J59: 0
B60: Unlevered FCF | G60: =G53+SUM(G54,G56,G58,G59) -> 1326.8327 | H60: =H53+SUM(H54,H56,H58,H59) -> 1544.8962 | I60: =I53+SUM(I54,I56,I58,I59) -> 1556.8928 | J60: =J53+SUM(J54,J56,J58,J59) -> 1571.1614
B61: Exit Value | J61: =J60/(C16 - G16) -> 27136.723
B63: NPV of FCF | C63: =NPV(C16,G60:I60) -> 3734.1567 | E63: Discount | F63: =(1/(1+C16))^(J48-G48) -> 0.77666814
B64: Exit Valuation (aft discount) | C64: =J61*F63 -> 21076.228
B66: Enterprise Valuation | C66: =C63+C64 -> 24810.385
B67: ( + ) Cash + ST Investment | C67: =J12 -> 5454
B68: ( - ) Debt | C68: =-J13 -> -4326
B69: Equity Valuation | C69: =SUM(C66:C68) -> 25938.385
B71: GTIP Multipler | C71: 1
B72: ( + ) GTIP Commited CAPEX | C72: =C41*C71 -> 10380
B73: Equity Value | C73: =C69+C72 -> 36318.385
B74: No of Shares (mil) | C74: =G4 -> 5688
B75: Target Share Price | C75: =C73/C74 -> 6.3850887
B77: Current EPS | C77: =C7 -> 0.51
B78: Implied P/E | C78: =C75/C77 -> 12.519782

Sheet June 17 Update
B2: Share Price Update
K3: Genting Malaysia Berhad
K4: Share Price | L4: Volume
J5: Average | K5: =AVERAGE('Hard Input'!$M$1244:$M$1264) -> 5.7909524 | L5: =AVERAGE('Hard Input'!$O$1244:$O$1264) -> 9077695.2
J6: Median | K6: =MEDIAN('Hard Input'!$M$1244:$M$1264) -> 5.73 | L6: =MEDIAN('Hard Input'!$O$1244:$O$1264) -> 7757600
J7: Min | K7: =MIN('Hard Input'!$M$1244:$M$1264) -> 5.59 | L7: =MIN('Hard Input'!$O$1244:$O$1264) -> 0
J8: Max | K8: =MAX('Hard Input'!$M$1244:$M$1264) -> 6.2 | L8: =MAX('Hard Input'!$O$1244:$O$1264) -> 36415100
J9: Range | K9: =CONCATENATE(K7, " - ", K8) -> 5.59 - 6.2 | L9: =CONCATENATE(L7, " - ", L8) -> 0 - 36415100
J11: Decline in Share Price | L11: ='Hard Input'!M1264/'Hard Input'!M1244 - 1 -> -0.066777963
B21: Date | C21: Open Price | D21: Target Price | E21: Upside/Downside | F21: Price Call | G21: Source
B22: 42900 | C22: 5.62 | D22: 5.2 | E22: -0.42 (7.47%) | F22: SELL | G22: AMMB
B23: 42885 | C23: 5.94 | D23: 5.15 | E23: -0.79 (13.30%) | F23: SELL | G23: UOBKayHian
B24: 42885 | C24: 5.94 | D24: 6 | E24: +0.06 (1.01%) | F24: HOLD | G24: KENANGA | H24: Up
B25: 42885 | C25: 5.94 | D25: 5.2 | E25: -0.74 (12.46%) | F25: SELL | G25: AMMB
B26: 42885 | C26: 5.94 | D26: 6 | E26: +0.06 (1.01%) | F26: HOLD | G26: Affin Hwang Capital | H26: Up
B27: 42790 | C27: 5.5 | D27: 6.1 | E27: +0.60 (10.91%) | F27: BUY | G27: TA
B28: 42790 | C28: 5.5 | D28: 5.1 | E28: -0.40 (7.27%) | F28: HOLD | G28: PUBLIC BANK
B29: 42790 | C29: 5.5 | D29: 5.66 | E29: +0.16 (2.91%) | F29: HOLD | G29: KENANGA
B30: 42790 | C30: 5.5 | D30: 5.1 | E30: -0.40 (7.27%) | F30: HOLD | G30: HLG
B31: 42761 | C31: 4.97 | D31: 5.66 | E31: +0.69 (13.88%) | F31: BUY | G31: KENANGA
B33: Current P/E at 21 Jun 2017 | E33: 10.25

Sheet 8 Aug Update

Sheet Quarterly Numbers
A2: Income Statement | I2: =B3 -> 42460 | J2: =C3 -> 42551 | K2: =D3 -> 42643 | L2: =E3 -> 42735 | M2: =F3 -> 42825
A3: Fiscal year is January-December. All values MYR Millions. | B3: 42460 | C3: 42551 | D3: 42643 | E3: 42735 | F3: 42825 | H3: Revenue | I3: =B4 -> 2214 | J3: =C4 -> 2235 | K3: =D4 -> 2200 | L3: =E4 -> 2283 | M3: =F4 -> 2224
A4: Sales/Revenue | B4: 2214 | C4: 2235 | D4: 2200 | E4: 2283 | F4: 2224 | H4: Non Op Income | I4: =B22 -> 82 | J4: =C22 -> 42 | K4: =D22 -> 100 | L4: =E22 -> 1361 | M4: =F22 -> 60
A5: Sales Growth | B5: - | C5: 0.0091 | D5: -0.0156 | E5: 0.0378 | F5: -0.0259 | H5: Profit Before Tax | I5: =B27 -> 262 | J5: =C27 -> 512 | K5: =D27 -> 520 | L5: =E27 -> 1797 | M5: =F27 -> 344
H6: Net Income | I6: =B36 -> 162 | J6: =C36 -> 476 | K6: =D36 -> 556 | L6: =E36 -> 1686 | M6: =F36 -> 324
A7: Cost of Goods Sold (COGS) incl. D&A | B7: 1615 | C7: 1554 | D7: 1590 | E7: 1690 | F7: 1684
A8: COGS excluding D&A | B8: 1427 | C8: 1376 | D8: 1394 | E8: 1451 | F8: 1436 | H8: Without Non-Op Income
A9: Depreciation & Amortization Expense | B9: 188 | C9: 178 | D9: 196 | E9: 239 | F9: 248 | H9: - Profit Before Tax | I9: =I5-I4 -> 180 | J9: =J5-J4 -> 470 | K9: =K5-K4 -> 420 | L9: =L5-L4 -> 436 | M9: =M5-M4 -> 284
A10: COGS Growth | B10: - | C10: -0.0379 | D10: 0.0235 | E10: 0.0625 | F10: -0.0033 | H10: - Net Income | I10: =I6-I4 -> 80 | J10: =J6-J4 -> 434 | K10: =K6-K4 -> 456 | L10: =L6-L4 -> 325 | M10: =M6-M4 -> 264
A12: Gross Income | B12: 599 | C12: 681 | D12: 609 | E12: 593 | F12: 540
A13: Gross Income Growth | B13: - | C13: 0.1359 | D13: -0.1048 | E13: -0.0265 | F13: -0.0902 | L13: 1Q Differential with
I14: 1Q 2017 | J14: 1Q 2016 | K14: 4Q 2016 | L14: 1Q 2016 | M14: 4Q 2016
A15: Gross Profit Margin | B15: - | C15: - | D15: - | E15: - | F15: 0.278 | H15: Margin to Revenue (%)
A16: SG&A Expense | B16: 411 | C16: 248 | D16: 277 | E16: 192 | F16: 306 | H16: - EBITDA | I16: =F50/F4 -> 0.21672662 | J16: =B50/B4 -> 0.17028004 | K16: =E50/E4 -> 0.2803329 | L16: =I16-J16 -> 0.046446583 | M16: =I16-K16 -> -0.063606277
A17: Other SG&A | B17: 411 | C17: 248 | D17: 277 | E17: 192 | F17: 306 | H17: - Profit Before Tax (With Non-Op Income) | I17: =M5/M3 -> 0.15467626 | J17: =I5/I3 -> 0.11833785 | K17: =L5/L3 -> 0.78712221 | L17: =I17-J17 -> 0.036338409 | M17: =I17-K17 -> -0.63244595
A18: SGA Growth | B18: - | C18: -0.3955 | D18: 0.1168 | E18: -0.3095 | F18: 0.5973 | H18: - Net Income (With Non-Op Income) | I18: =M6/M3 -> 0.14568345 | J18: =I6/I3 -> 0.073170732 | K18: =L6/L3 -> 0.73850197 | L18: =I18-J18 -> 0.072512722 | M18: =I18-K18 -> -0.59281852
H19: Without Non-Op Income
A20: Unusual Expense | B20: 2 | C20: 2 | D20: -43 | E20: 21 | F20: 1 | H20: - Profit Before Tax (w/o Non-Op Income) | I20: =M9/M3 -> 0.12769784 | J20: =I9/I3 -> 0.081300813 | K20: =L9/L3 -> 0.19097678 | L20: =I20-J20 -> 0.046397029 | M20: =I20-K20 -> -0.063278943
H21: - Net Income (w/o Non-Op Income) | I21: =M10/M3 -> 0.11870504 | J21: =I10/I3 -> 0.036133695 | K21: =L10/L3 -> 0.14235655 | L21: =I21-J21 -> 0.082571341 | M21: =I21-K21 -> -0.023651512
A22: Non Operating Income/Expense | B22: 82 | C22: 42 | D22: 100 | E22: 1361 | F22: 60 | H22: Growth (%)
A23: Interest Expense | B23: 25 | C23: 28 | D23: 21 | E23: 17 | F23: 19 | H23: - Revenue | J23: =M3/I3 - 1 -> 0.0045167118 | K23: =M3/L3 - 1 -> -0.025843189
A24: Interest Expense Growth | B24: - | C24: 0.0851 | D24: -0.2414 | E24: -0.1711 | F24: 0.0983 | H24: - EBITDA | J24: =F50/B50 - 1 -> 0.27851459 | K24: =F50/E50 - 1 -> -0.246875
H25: - Net Income | J25: =M10/I10 - 1 -> 2.3 | K25: =M10/L10 - 1 -> -0.18769231
A26: Gross Interest Expense | B26: 42 | C26: 49 | D26: 47 | E26: 46 | F26: 47 | H26: Debt Coverage
A27: Pretax Income | B27: 262 | C27: 512 | D27: 520 | E27: 1797 | F27: 344 | H27: Operational Cash Flow | I27: =B146/1000 -> 265.625 | J27: =F146/1000 -> 260.885 | K27: =C146/1000 -> 1003.808 | L27: =I27-J27 -> 4.74 | M27: =I27-K27 -> -738.183
A28: Pretax Income Growth | B28: - | C28: 0.9535 | D28: 0.0148 | E28: 2.4576 | F28: -0.8084 | H28: Interest Expense | I28: =F23 -> 19 | J28: =B23 -> 25 | K28: =E23 -> 17 | L28: =I28-J28 -> -6 | M28: =I28-K28 -> 2
H29: ST Debt + ST Portion of LT | I29: =B90 -> 1319 | J29: =F90 -> 1029 | K29: =C90 -> 1103 | L29: =I29-J29 -> 290 | M29: =I29-K29 -> 216
A30: Pretax Margin | B30: - | C30: - | D30: - | E30: - | F30: 0.346 | H30: ST Debt + ST Portion of LT (Divide by 4) | I30: =I29/4 -> 329.75 | J30: =J29/4 -> 257.25 | K30: =K29/4 -> 275.75
A31: Income Tax | B31: 118 | C31: 47 | D31: -13 | E31: 138 | F31: 49
H32: (Interest + ST) / Op Cash Flow | I32: =(I28+I30)/I27 -> 1.3129412 | J32: =(J28+J30)/J27 -> 1.0818943 | K32: =(K28+K30)/K27 -> 0.29163944 | L32: =I32-J32 -> 0.23104686 | M32: =I32-K32 -> 1.0213017
A33: Consolidated Net Income | B33: 144 | C33: 465 | D33: 532 | E33: 1659 | F33: 295 | H33: EBIT | I33: =F50-F9 -> 234 | J33: =B50-B9 -> 189 | K33: =E50-E9 -> 401 | L33: =I33-J33 -> 45 | M33: =I33-K33 -> -167
A34: Minority Interest Expense | B34: -17 | C34: -11 | D34: -24 | E34: -27 | F34: -29 | H34: Interest Expense | I34: =F23 -> 19 | J34: =B23 -> 25 | K34: =E23 -> 17 | L34: =I34-J34 -> -6 | M34: =I34-K34 -> 2
A36: Net Income | B36: 162 | C36: 476 | D36: 556 | E36: 1686 | F36: 324 | H36: Interest Expense/ EBIT | I36: =I34/I33 -> 0.081196581 | J36: =J34/J33 -> 0.13227513 | K36: =K34/K33 -> 0.042394015 | L36: =I36-J36 -> -0.051078551 | M36: =I36-K36 -> 0.038802566
A37: Net Income Growth | B37: - | C37: 1.9489 | D37: 0.1664 | E37: 2.0344 | F37: -0.8082
A39: Net Margin | B39: - | C39: - | D39: - | E39: - | F39: 0.3225
A40: Net Income After Extraordinaries | B40: 162 | C40: 476 | D40: 556 | E40: 1686 | F40: 324
A41: Net Income Available to Common | B41: 162 | C41: 476 | D41: 556 | E41: 1686 | F41: 324
A42: EPS (Basic) | B42: 0.03 | C42: 0.08 | D42: 0.1 | E42: 0.3 | F42: 0.06
A43: EPS (Basic) Growth | B43: - | C43: 1.9441 | D43: 0.1663 | E43: 2.0356 | F43: -0.8081
A45: Basic Shares Outstanding | B45: 5656 | C45: 5658 | D45: 5658 | E45: 5657 | F45: 5658
A46: EPS (Diluted) | B46: 0.03 | C46: 0.08 | D46: 0.1 | E46: 0.3 | F46: 0.06
A47: EPS (Diluted) Growth | B47: - | C47: 1.9478 | D47: 0.1665 | E47: 2.0297 | F47: -0.808
A49: Diluted Shares Outstanding | B49: 5661 | C49: 5664 | D49: 5663 | E49: 5672 | F49: 5667
A50: EBITDA | B50: 377 | C50: 610 | D50: 528 | E50: 640 | F50: 482
A51: EBITDA Growth | B51: - | C51: 0.6198 | D51: -0.1339 | E51: 0.2121 | F51: -0.2471
A53: EBITDA Margin | B53: - | C53: - | D53: - | E53: - | F53: 0.2578
A55: Balance Sheet
A57: Fiscal year is January-December. All values MYR Millions. | B57: 42825 | C57: 42735 | D57: 42643 | E57: 42551 | F57: 42460
A58: Cash & Short Term Investments | B58: 7199 | C58: 5455 | D58: 4275 | E58: 4845 | F58: 5034
A59: Cash Only | B59: 6719 | C59: 4891 | D59: 3714 | E59: 4286 | F59: 4478
A60: Cash & Short Term Investments Growth | B60: 0.3198 | C60: 0.276 | D60: -0.1177 | E60: -0.0376 | F60: -
A62: Cash & ST Investments / Total Assets | B62: 0.2398 | C62: 0.1951 | D62: 0.159 | E62: 0.1829 | F62: 0.1941
A63: Total Accounts Receivable | B63: 545 | C63: 300 | D63: 649 | E63: 553 | F63: 556
A64: Other Receivables | B64: 9 | C64: -267 | D64: 9 | E64: 10 | F64: 10
A66: Accounts Receivable Growth | B66: 0.8162 | C66: -0.5374 | D66: 0.174 | E66: -0.0061 | F66: -
A68: Accounts Receivable Turnover | B68: 4.08 | C68: 7.6 | D68: 3.39 | E68: 4.04 | F68: 3.98
A69: Inventories | B69: 106 | C69: 98 | D69: 98 | E69: 96 | F69: 101
A70: Other Current Assets | B70: - | C70: 276 | D70: 1621 | E70: 1695 | F70: 1781
A71: Prepaid Expenses | B71: - | C71: 234 | D71: - | E71: - | F71: -
A72: Miscellaneous Current Assets | B72: - | C72: 42 | D72: 1621 | E72: 1695 | F72: 1781
A73: Total Current Assets | B73: 7851 | C73: 6129 | D73: 6642 | E73: 7189 | F73: 7472
A74: Net Property, Plant & Equipment | B74: 12720 | C74: 12527 | D74: 11412 | E74: 10696 | F74: 10114
A75: Property, Plant & Equipment - Gross | B75: - | C75: 18358 | D75: - | E75: - | F75: -
A76: Construction in Progress | B76: - | C76: 3066 | D76: - | E76: - | F76: -
A77: Accumulated Depreciation | B77: - | C77: 5830 | D77: - | E77: - | F77: -
A78: Total Investments and Advances | B78: 2405 | C78: 2421 | D78: 2212 | E78: 2209 | F78: 2184
A79: Other Long-Term Investments | B79: 2405 | C79: 2421 | D79: 2212 | E79: 2209 | F79: 2184
A80: Intangible Assets | B80: 4989 | C80: 5036 | D80: 4797 | E80: 4762 | F80: 4774
A81: Net Goodwill | B81: - | C81: 469 | D81: - | E81: - | F81: -
A82: Net Other Intangibles | B82: - | C82: 4568 | D82: - | E82: - | F82: -
A83: Other Assets | B83: 1952 | C83: 1659 | D83: 1623 | E83: 1426 | F83: 1235
A84: Total Assets | B84: 30018 | C84: 27958 | D84: 26883 | E84: 26486 | F84: 25932
A85: Assets - Total - Growth | B85: 0.0737 | C85: 0.04 | D85: 0.015 | E85: 0.0214 | F85: -
A86: Asset Turnover | B86: 0.32 | C86: - | D86: - | E86: - | F86: -
A87: Return On Average Assets | B87: 0.1037 | C87: - | D87: - | E87: - | F87: -
A89: All values MYR Millions. | B89: 42825 | C89: 42735 | D89: 42643 | E89: 42551 | F89: 42460
A90: ST Debt & Current Portion LT Debt | B90: 1319 | C90: 1103 | D90: 794 | E90: 747 | F90: 1029
A91: Short Term Debt | B91: 1319 | C91: 1103 | D91: 794 | E91: 747 | F91: 1029
A92: Accounts Payable | B92: 2303 | C92: 442 | D92: 2562 | E92: 2470 | F92: 2273
A93: Accounts Payable Growth | B93: 4.2105 | C93: -0.8275 | D93: 0.0373 | E93: 0.0864 | F93: -
A95: Income Tax Payable | B95: 16 | C95: 4 | D95: 7 | E95: 52 | F95: 52
A96: Other Current Liabilities | B96: 134 | C96: 2482 | D96: 339 | E96: 418 | F96: 179
A97: Miscellaneous Current Liabilities | B97: 134 | C97: 2482 | D97: 169 | E97: 175 | F97: 179
A98: Total Current Liabilities | B98: 3772 | C98: 4032 | D98: 3701 | E98: 3687 | F98: 3533
A99: Current Ratio | B99: 2.08 | C99: 1.52 | D99: 1.79 | E99: 1.95 | F99: 2.11
A100: Quick Ratio | B100: 2.05 | C100: 1.5 | D100: 1.77 | E100: 1.92 | F100: 2.09
A101: Cash Ratio | B101: 1.91 | C101: 1.35 | D101: 1.15 | E101: 1.31 | F101: 1.42
A102: Long-Term Debt | B102: 5788 | C102: 3223 | D102: 3819 | E102: 3833 | F102: 3644
A103: Long-Term Debt excl. Capitalized Leases | B103: 5788 | C103: 3223 | D103: 3819 | E103: 3833 | F103: 3644
A104: Deferred Taxes | B104: 567 | C104: 551 | D104: 416 | E104: 406 | F104: 453
A105: Deferred Taxes - Credit | B105: 669 | C105: 737 | D105: 613 | E105: 611 | F105: 604
A106: Deferred Taxes - Debit | B106: 101 | C106: 186 | D106: 197 | E106: 204 | F106: 152
... A114: Retained Earnings | B114: 16719 | C114: 16808 | D114: 15135 | E114: 14749 | F114: 14516
A115: Cumulative Translation Adjustment/Unrealized For. Exch. Gain | B115: - | C115: 2197 | D115: - | E115: - | F115: -
A116: Unrealized Gain/Loss Marketable Securities | B116: - | C116: - | D116: 813 | E116: 905 | F116: 1050
A117: Other Appropriated Reserves | B117: -3 | C117: -1 | D117: -4 | E117: -5 | F117: -5
A119: Treasury Stock | B119: -933 | C119: -957 | D119: -955 | E119: -955 | F119: -952
A121: Common Equity / Total Assets | B121: 0.6568 | C121: 0.7105 | D121: 0.6935 | E121: 0.6881 | F121: 0.6942
A122: Total Shareholders' Equity | B122: 19714 | C122: 19865 | D122: 18644 | E122: 18226 | F122: 18001
A123: Total Shareholders' Equity / Total Assets | B123: 0.6568 | C123: 0.7105 | D123: 0.6935 | E123: 0.6881 | F123: 0.6942
...

Sheet Share Price
A1: Date | B1: Open | C1: High | D1: Low | E1: Close | F1: Volume
A2: 06/21/17 | B2: 5.59 | C2: 5.6 | D2: 5.49 | E2: 5.5 | F2: 7682300
A3: 06/22/17 | B3: 5.51 | C3: 5.6 | D3: 5.5 | E3: 5.56 | F3: 7918600
A4: 06/23/17 | B4: 5.57 | C4: 5.87 | D4: 5.56 | E4: 5.83 | F4: 10414800
A5: 06/28/17 | B5: 5.82 | C5: 5.83 | D5: 5.59 | E5: 5.59 | F5: 8182200
A6: 06/29/17 | B6: 5.63 | C6: 5.67 | D6: 5.58 | E6: 5.58 | F6: 4149400
A7: 06/30/17 | B7: 5.55 | C7: 5.59 | D7: 5.46 | E7: 5.5 | F7: 12936200
A8: 42801 | B8: 5.5 | C8: 5.63 | D8: 5.5 | E8: 5.63 | F8: 3943900
A9: 42832 | B9: 5.6 | C9: 5.63 | D9: 5.57 | E9: 5.62 | F9: 1969700
A10: 42862 | B10: 5.62 | C10: 5.67 | D10: 5.62 | E10: 5.66 | F10: 4492700
A11: 42893 | B11: 5.66 | C11: 5.76 | D11: 5.65 | E11: 5.76 | F11: 6210400
A12: 42923 | B12: 5.76 | C12: 5.76 | D12: 5.65 | E12: 5.66 | F12: 2391000
A13: 43015 | B13: 5.65 | C13: 5.67 | D13: 5.58 | E13: 5.61 | F13: 4236000
A14: 43046 | B14: 5.61 | C14: 5.67 | D14: 5.59 | E14: 5.65 | F14: 5211600
A15: 43076 | B15: 5.65 | C15: 5.69 | D15: 5.65 | E15: 5.67 | F15: 2016700
A16: 07/13/17 | B16: 5.7 | C16: 5.73 | D16: 5.69 | E16: 5.7 | F16: 3779600
A17: 07/14/17 | B17: 5.72 | C17: 5.75 | D17: 5.7 | E17: 5.74 | F17: 2087800
A18: 07/17/17 | B18: 5.74 | C18: 5.78 | D18: 5.73 | E18: 5.76 | F18: 1787200
A19: 07/18/17 | B19: 5.76 | C19: 5.77 | D19: 5.72 | E19: 5.75 | F19: 3019800 | H19: MYR | I19: Share Price
A20: 07/19/17 | B20: 5.75 | C20: 5.82 | D20: 5.75 | E20: 5.82 | F20: 5174700 | H20: Average | I20: =AVERAGE(E2:E36) -> 5.8277143
A21: 07/20/17 | B21: 5.82 | C21: 5.9 | D21: 5.8 | E21: 5.88 | F21: 6523700 | H21: Median | I21: =MEDIAN(E2:E36) -> 5.82
A22: 07/21/17 | B22: 5.88 | C22: 5.98 | D22: 5.82 | E22: 5.98 | F22: 4960700 | H22: Min | I22: =MIN(E2:E36) -> 5.5
A23: 07/24/17 | B23: 5.98 | C23: 6.05 | D23: 5.95 | E23: 6.05 | F23: 4216500 | H23: Max | I23: =MAX(E2:E36) -> 6.13
A24: 07/25/17 | B24: 6.06 | C24: 6.19 | D24: 6.05 | E24: 6.13 | F24: 6115500 | H24: Return
A25: 07/26/17 | B25: 6.13 | C25: 6.17 | D25: 6.03 | E25: 6.1 | F25: 5744500 | H25: - 1 Month | I25: =E36/E13 - 1 -> 0.046345811
A26: 07/27/17 | B26: 6.09 | C26: 6.13 | D26: 5.96 | E26: 6.11 | F26: 3463800 | H26: - YTD | I26: ='Share Price'!E36/'Hard Input'!N1152 - 1 -> 0.28165939
A27: 07/28/17 | B27: 6.11 | C27: 6.11 | D27: 5.96 | E27: 5.99 | F27: 4282800 | H27: - Coverage Start | I27: ='Share Price'!E36/'Hard Input'!N1244 - 1 -> -0.0099874891
A28: 07/31/17 | B28: 5.97 | C28: 6.06 | D28: 5.96 | E28: 6 | F28: 4365800
A29: 42743 | B29: 6.1 | C29: 6.13 | D29: 6.05 | E29: 6.1 | F29: 8538700
A30: 42774 | B30: 6.1 | C30: 6.13 | D30: 6.02 | E30: 6.06 | F30: 4882700
A31: 42802 | B31: 6.08 | C31: 6.12 | D31: 6.06 | E31: 6.1 | F31: 5326400
A32: 42833 | B32: 6.1 | C32: 6.11 | D32: 6.05 | E32: 6.05 | F32: 2365000
A33: 42924 | B33: 6.08 | C33: 6.08 | D33: 6.03 | E33: 6.05 | F33: 3020500
A34: 42955 | B34: 6.07 | C34: 6.09 | D34: 5.99 | E34: 5.99 | F34: 3966600
A35: 42986 | B35: 5.99 | C35: 6.02 | D35: 5.91 | E35: 5.92 | F35: 4468900
A36: 43016 | B36: 5.92 | C36: 5.99 | D36: 5.85 | E36: 5.87 | F36: 2717700
A38: Date | B38: Open Price | C38: Target Price | D38: Upside/Downside | E38: Price Call | F38: Source | G38: News
A39: 42933 | B39: 5.74 | C39: 5.5 | D39: -0.24 (4.18%) | E39: HOLD | F39: PUBLIC BANK
A40: 42926 | B40: 5.65 | C40: 5.5 | D40: -0.15 (2.65%) | E40: HOLD | F40: PUBLIC BANK
A41: 42908 | B41: 5.52 | C41: 5.15 | D41: -0.37 (6.70%) | E41: HOLD | F41: UOBKayHian
A42: 42900 | B42: 5.62 | C42: 5.2 | D42: -0.42 (7.47%) | E42: SELL | F42: AMMB
A43: 42885 | B43: 5.94 | C43: 5.15 | D43: -0.79 (13.30%) | E43: SELL | F43: UOBKayHian
A44: 42885 | B44: 5.94 | C44: 5.4 | D44: -0.54 (9.09%) | E44: HOLD | F44: MAYBANK
A45: 42885 | B45: 5.94 | C45: 6 | D45: +0.06 (1.01%) | E45: HOLD | F45: KENANGA
A46: 42885 | B46: 5.94 | C46: 5.2 | D46: -0.74 (12.46%) | E46: SELL | F46: AMMB
A47: 42885 | B47: 5.94 | C47: 6 | D47: +0.06 (1.01%) | E47: HOLD | F47: Affin Hwang Capital
A48: 42870 | B48: 5.81 | C48: 5.4 | D48: -0.41 (7.06%) | E48: HOLD | F48: MAYBANK
A49: 42825 | B49: 5.56 | C49: 5.3 | D49: -0.26 (4.68%) | E49: HOLD | F49: MAYBANK
A50: 42790 | B50: 5.5 | C50: 6.1 | D50: +0.60 (10.91%) | E50: BUY | F50: TA
... A54: 42790 | B54: 5.5 | C54: 5.1 | D54: -0.40 (7.27%) | E54: HOLD | F54: HLG
